 Dungeon Crawl Stone Soup version 0.30-a0-918-g0ff054e9dc (webtiles) character file.

Game seed: 8944424342253269153

2085 lunkers the Geomancer (level 9, -15/62 HPs)
             Began as a Meteoran Earth Elementalist on Mar 20, 2023.
             Was an Initiate of the Shining One.
             Shot with an arrow by a centaur warrior (18 damage)
             ... on level 8 of the Dungeon.
             The game lasted 00:11:04 (3101 turns).

lunkers the Geomancer (Meteoran Earth Elementalist) Turns: 3101, Time: 00:11:05

Health: -15/62     AC:  5    Str: 11    XL:     9   Next: 81%
Magic:  17/22      EV: 13    Int: 21    God:    the Shining One [......]
Gold:   449        SH:  0    Dex: 20    Spells: 10/25 levels left

rFire   + . .      SeeInvis .    o - +3 dagger (venom)
rCold   . . .      Faith    .    (no shield)
rNeg    . . .      Spirit   .    A - +2 robe {rF+}
rPois   +          Reflect  .    B - +0 helmet
rElec   .          Rampage  .    (no cloak)
rCorr   .                        (no gloves)
Will    +....                    (no boots)
Stlth   +                        (no amulet)
HPRegen 0.30/turn                p - +6 ring of dexterity
MPRegen 0.18/turn                l - ring of poison resistance

@: glowing
A: sense surroundings 2, otherworldly, glowing, explore regen
a: Renounce Religion


You were on level 8 of the Dungeon.
You worshipped the Shining One.
The Shining One was noncommittal.
You visited 1 branch of the dungeon, and saw 8 of its levels.

You collected 449 gold pieces.

Inventory:

Hand Weapons
 i - a +0 hand axe of freezing
 m - a +3 whip
 o - a +3 dagger of venom (weapon)
Armour
 A - a +2 robe of fire resistance (worn)
 B - a +0 helmet (worn)
Magical Staves
 y - a staff of cold
Jewellery
 l - a ring of poison resistance (right hand)
 p - a +6 ring of dexterity (left hand)
 x - a ring of flight
 G - a ring of see invisible
Wands
 t - a wand of paralysis (7)
Scrolls
 c - a scroll of blinking
 d - 2 scrolls of enchant weapon
 g - 2 scrolls of amnesia
 h - 2 scrolls of magic mapping
 k - 2 scrolls of fear
 n - 5 scrolls of teleportation
 s - a scroll of fog
Potions
 a - 2 potions of cancellation {unknown}
 b - 2 potions of magic
 e - 5 potions of curing
 f - 3 potions of mutation
 j - 2 potions of lignification {unknown}
 q - 2 potions of heal wounds {unknown}
 r - a potion of attraction {unknown}
 u - 2 potions of berserk rage {unknown}
 v - a potion of invisibility {unknown}
 z - a potion of might
 H - a potion of degeneration {unknown}


   Skills:
 - Level 2.4 Dodging
 - Level 1.4 Stealth
 + Level 8.6 Spellcasting
 - Level 1.2 Transmutations
 * Level 12.1 Earth Magic


You had 10 spell levels left.
You knew the following spells:

 Your Spells              Type           Power      Damage    Failure   Level
a - Sandblast             Erth           100%       2d20      1%          1
b - Passwall              Tmut/Erth      30%        N/A       1%          2
c - Stone Arrow           Conj/Erth      68%        3d11      1%          3
d - Lee's Rapid Deconstr  Erth           28%        3d15*     1%          5
e - Petrify               Tmut/Erth      37%        N/A       4%          4

Your spell library contained the following spells:

 Spells                   Type           Power      Damage    Failure   Level
 Leda's Liquefaction      Hex/Erth       17%        N/A       6%          4
 Necrotise                Necr           36%        1d5       8%          1
 Cigotuvi's Dreadful Rot  Necr/Pois/Air  18%        N/A       12%         2
 Static Discharge         Conj/Air       18%        2-3/arc   12%         2
 Dazzling Flash           Conj/Hex       18%        N/A       22%         3
 Ozocubu's Armour         Ice            9%         N/A       22%         3
 Vampiric Draining        Necr           9%         2d6       22%         3
 Iskenderun's Mystic Bla  Conj/Tloc      9%         2d4       58%         4
 Manifold Assault         Tloc           9%         N/A       58%         4
 Statue Form              Tmut/Erth      24%        N/A       58%         6
 Agony                    Necr           9%         N/A       91%         5
 Arcjolt                  Conj/Air       4%         1d14      91%         5
 Freezing Cloud           Conj/Ice/Air   4%         6-21      91%         5
 Silence                  Hex/Air        4%         N/A       91%         5
 Starburst                Conj/Fire      4%         6d4       100%        6
 Ozocubu's Refrigeration  Ice            4%         4d8       100%        7


Dungeon Overview and Level Annotations

Branches:
Dungeon (8/15) Zot: 1555
 Temple: D:4-7         Lair: D:8-11

Altars:
Elyvilon
Kikubaaqudgha
Makhleb
The Shining One

Shops:
D:7 [


Innate Abilities, Weirdness & Mutations

You passively map the area around you.
You are easily found by Zot.
You glow in the dark.
You regain HP and MP as you explore.


Message History

You see here a +0 war axe.
You see here a scarf of resistance.
No target in view!
You now have 449 gold pieces (gained 7).
You see here the +5 chain mail "Rahekhop" {-Tele Regen+ Str+2 Dex+4}.
No target in view!
n - 5 scrolls of teleportation (gained 1)
You see here the +5 chain mail "Rahekhop" {-Tele Regen+ Str+2 Dex+4}.
Key pressed, stopping explore.
No target in view!
No target in view!
You see here the +5 chain mail "Rahekhop" {-Tele Regen+ Str+2 Dex+4}.
A centaur warrior comes into view.
The centaur warrior shouts!
The centaur warrior wields a +1 longbow of freezing.
It is covered in frost.
The centaur warrior shoots an arrow.
The arrow hits you! The arrow freezes you.
The centaur warrior shoots an arrow.
The arrow completely misses you.
The centaur warrior shoots an arrow.
The arrow hits you! The arrow freezes you.
The centaur warrior shoots an arrow.
The arrow barely misses you.
Casting: Sandblast (safe; 1% risk of failure)
Confirm with . or Enter, or press ? or * to list all spells.
Aiming: Stone Arrow (safe; 1% risk of failure)
Press: ? - help, Shift-Dir - straight line, f - centaur warrior
Aim: a centaur warrior, wielding a +1 longbow of freezing (81% to hit)
The stone arrow hits the centaur warrior!
The centaur warrior is moderately wounded.
The centaur warrior shoots an arrow.
The arrow hits you!!
* * * LOW HITPOINT WARNING * * *
The arrow freezes you!
* * * LOW HITPOINT WARNING * * *
Casting: Stone Arrow (safe; 1% risk of failure)
Confirm with . or Enter, or press ? or * to list all spells.
Aiming: Stone Arrow (safe; 1% risk of failure)
Press: ? - help, Shift-Dir - straight line, f/p - centaur warrior
Aim: a centaur warrior, wielding a +1 longbow of freezing (moderately wounded, 81% to hit)
The stone arrow hits the centaur warrior!!
The centaur warrior is severely wounded.
The centaur warrior shoots an arrow.
The arrow hits you!!
You die...

* ** * *, , *,,
#..##...# # , ,
*#...#### * ##. ,
, ##.## *#..# 8 ,
##.# *#c.#* * *
##.## * * *#..# *
* ##..# ** #..## *
##.#.## * #..##
##.##..# , #@.##
##......# , *, *
##..###.####.....,
*
,##..#.....#..##.,
* ##.........## *
** * #...####.## *
#...## ,# ,,
....## *, * * *
#.....# ,* *
###...# * *


You could see a centaur warrior.

Vanquished Creatures
  A water moccasin (D:7)
  An orc warrior (D:8)
  3 black bears
  A sky beast (D:6)
  Blork the orc (D:5)
  2 scorpions
  5 wights (D:7)
  2 howler monkeys
  3 jellies
  A gnoll bouda (D:6)
  An orc priest (D:3)
  3 hounds
  5 iguanas
  8 orc wizards
  13 adders
  15 gnolls
  A shadow imp (D:7)
  5 white imps
  An ufetubus (D:5)
  A worm (D:3)
  A dart slug (D:3)
  25 orcs
  6 ball pythons
  4 bats
  3 endoplasms
  4 giant cockroaches
  A goblin (D:3)
  7 hobgoblins
  2 jackals (D:2)
  2 quokkas
  A frilled lizard (D:2)
  7 kobolds
  2 rats (D:3)
138 creatures vanquished.

Vanquished Creatures (others)
  95 plants
95 creatures vanquished.

Grand Total: 233 creatures vanquished

Notes
Turn   | Place    | Note
-------+----------+-------------------------------------------
     0 | D:1      | lunkers the Meteoran Earth Elementalist began the quest for
                  | the Orb.
     0 | D:1      | Reached XP level 1. HP: 14/14 MP: 5/5
   171 | D:1      | Reached skill level 4 in Earth Magic
   171 | D:1      | Reached XP level 2. HP: 19/20 MP: 3/6
   341 | D:2      | Learned a level 2 spell: Passwall
   357 | D:2      | Reached XP level 3. HP: 26/26 MP: 6/8
   416 | D:2      | Got the Enchiridion on Haze and Shifting
   440 | D:2      | Reached XP level 4. HP: 33/33 MP: 7/10
   444 | D:2      | Learned a level 3 spell: Stone Arrow
   449 | D:2      | Reached skill level 5 in Earth Magic
   535 | D:2      | Reached XP level 5. HP: 38/38 MP: 5/11
   590 | D:2      | Reached skill level 6 in Earth Magic
   638 | D:3      | Reached XP level 6. HP: 43/45 MP: 7/13
   988 | D:4      | Reached skill level 7 in Earth Magic
  1029 | D:4      | Reached skill level 5 in Spellcasting
  1034 | D:4      | Reached XP level 7. HP: 32/50 MP: 7/15
  1093 | D:4      | Found a white marble altar of Elyvilon.
  1194 | D:5      | Entered Level 5 of the Dungeon
  1258 | D:5      | Found a burning altar of Makhleb.
  1259 | D:5      | Found an ancient bone altar of Kikubaaqudgha.
  1362 | D:5      | Reached skill level 8 in Earth Magic
  1384 | D:5      | Noticed Blork the orc
  1396 | D:5      | Killed Blork the orc
  1397 | D:5      | Reached XP level 8. HP: 19/57 MP: 5/18
  1400 | D:5      | HP: 1/57 [acid (8)]
  1411 | D:5      | Reached skill level 9 in Earth Magic
  1833 | D:6      | Reached skill level 10 in Earth Magic
  1908 | D:6      | Gained mutation: You passively map the area around you.
                  | [Meteoran growth]
  1908 | D:6      | Reached XP level 9. HP: 62/62 MP: 14/20
  2180 | D:7      | Learned a level 5 spell: Lee's Rapid Deconstruction
  2185 | D:7      | Learned a level 4 spell: Petrify
  2197 | D:7      | Found Pumun's Armour Emporium.
  2245 | D:7      | Reached skill level 11 in Earth Magic
  2314 | D:7      | Found a glowing golden altar of the Shining One.
  2722 | D:7      | Became a worshipper of the Shining One
  2846 | D:8      | Reached skill level 12 in Earth Magic
  3011 | D:8      | Identified the +5 chain mail "Rahekhop" {-Tele Regen+ Str+2
                  | Dex+4}
  3097 | D:8      | Noticed a centaur warrior
  3100 | D:8      | HP: 3/62 [centaur warrior/arrow (10)]
  3101 | D:8      | Shot with an arrow by a centaur warrior

Illustrated notes

Levels and vault maps discovered:
D:1:      roderic_crop_circles_arrival_small, layout_basic
D:2:      layout_rooms, serial_bayou, serial_bayou_lake_a,
          serial_bayou_lagoon_b, serial_bayou_lagoon_a, serial_bayou_pond_a,
          serial_bayou_pond_b
D:3:      layout_loops_ring, minmay_statues_item
D:4:      layout_basic, marbit_many_paths, temple_hall
D:5:      layout_basic, chequers_temple_overflow_statue_of_worship,
          minmay_a_box_with_orc_wizards_in_it, uniq_blork_the_orc
D:6:      layout_basic, minmay_pentangle
D:7:      layout_rooms, old_standard_altar, serial_shops, shop
D:8:      layout_layer_cave, st_stairs_9, minmay_diamond_spiral, uniq_psyche

Skill      XL: |  1  2  3  4  5  6  7  8  9 |
---------------+----------------------------+-----
Earth Magic    | 4 5 6 7 8 10 12 | 12.1
Spellcasting   | 3 4 5 6 7 8 |  8.6
Dodging        | |  2.4
Stealth        | |  1.4
Transmutations | |  1.2

Action                     |  1- 3 |  4- 6 |  7- 9 || total
---------------------------+-------+-------+-------++-------
  Melee: Dagger            |       |       |     2 ||     2
   Cast: Sandblast         |    23 |    84 |   117 ||   224
         Stone Arrow       |       |       |    12 ||    12
    Use: Scroll            |       |       |    13 ||    13
 Armour: Robe              |     3 |     3 |     8 ||    14
  Dodge: Dodged            |     8 |    18 |    39 ||    65

Table legend: (Time is in decaauts)
 A = Elapsed time spent in this place.
 B = Non-inter-level travel time spent in this place.
 C = Inter-level travel time spent in this place.
 D = Time resting spent in this place.
 E = Time spent auto-exploring this place.
 F = Levels seen in this place.
 G = Mean time per level.
                   A        B        C        D        E       F      G
               +--------+--------+--------+--------+--------+-----+--------+
         Total |   3244 |   3053 |    191 |      0 |   2089 |   8 |  405.5 |
       Dungeon |   3244 |   3053 |    191 |      0 |   2089 |   8 |  405.5 |
               +--------+--------+--------+--------+--------+-----+--------+

Top non-repeatable levels by time:
     D:6: 625 daAuts
     D:7: 584 daAuts
     D:5: 524 daAuts
     D:3: 358 daAuts
     D:1: 335 daAuts
     D:2: 335 daAuts
     D:4: 254 daAuts
     D:8: 226 daAuts
